 Dungeon Crawl Stone Soup version 0.19.1 (webtiles) character file.

49 Gargoyl the Skirmisher (level 3, -11/33 HPs)
             Began as a Draconian Abyssal Knight on Dec 3, 2016.
             Was a Follower of Lugonu.
             Mangled by a gnoll
             ... wielding a +0 flail
              (12 damage)
             ... on level 2 of the Dungeon.
             The game lasted 00:02:55 (1722 turns).

Gargoyl the Skirmisher (Draconian Abyssal Knight)   Turns: 1722, Time: 00:02:56

Health: -11/33     AC:  6    Str: 15    XL:     3   Next: 51%
Magic:  4/4        EV: 11    Int: 12    God:    Lugonu [*.....]
Gold:   120        SH:  3    Dex: 10    Spells: 0 memorised, 3 levels left

rFire  . . .     SeeInvis .     a - +1 hand axe
rCold  . . .     Gourm    .     (armour unavailable)
rNeg   . . .     Faith    .     d - +0 buckler
rPois  .         Spirit   .     (helmet restricted)
rElec  .         Reflect  .     (no cloak)
rCorr  .         Harm     .     (no gloves)
MR     .....                    j - +0 pair of boots
Stlth  +.........               (no amulet)
                                (no ring)
                                (no ring)

@: no status effects
A: unfitting armour, cold-blooded, AC +5
a: Depart the Abyss, Renounce Religion


You were on level 2 of the Dungeon.
You worshipped Lugonu.
Lugonu was aware of your devotion.
You were not hungry.

You visited 1 branch of the dungeon, and saw 2 of its levels.
You visited the Abyss 1 time.

You collected 120 gold pieces.

Inventory:

Hand Weapons
 a - a +1 hand axe (weapon)
Armour
 d - a +0 buckler (worn)
 j - a +0 pair of boots (worn)
Scrolls
 g - a scroll of identify
 h - 2 scrolls of remove curse
Potions
 c - a potion of haste
 i - a potion of curing


   Skills:
 * Level 4.1 Fighting
 + Level 2.4 Axes
 * Level 2.5 Dodging
 + Level 0.2 Shields
 * Level 0.8 Spellcasting
 + Level 2.0 Invocations


You had 3 spell levels left.
You didn't know any spells.

Dungeon Overview and Level Annotations

Branches:
Dungeon (2/15)

Altars:


Innate Abilities, Weirdness & Mutations

Your plain brown scales are hard. (AC +5)
You cannot fit into any form of body armour.
You are cold-blooded and may be slowed by cold attacks.


Message History

You hit the gnoll.
The gnoll is severely wounded.
The gnoll hits you with a flail!
* * * LOW HITPOINT WARNING * * *
You hit the gnoll but do no damage.
The gnoll is severely wounded.
The gnoll barely misses you.
You hit the gnoll but do no damage.
The gnoll is severely wounded.
The gnoll hits you with a flail.
* * * LOW HITPOINT WARNING * * *
It was a potion of curing.
You feel better. The gnoll hits you with a flail!
* * * LOW HITPOINT WARNING * * *
You hit the gnoll.
The gnoll is almost dead.
You block the gnoll's attack.
You closely miss the gnoll.
The gnoll is almost dead.
The gnoll hits you with a flail!
You die...

## .. ############## #.
..........)..## ###.
.....#######..# ..? ...
#######.#################.
.
.........@g.....)...>.....
########.########.#######.
#.# #.# #. #####'## #.# #.
#......# #.# #. #......#
#.# #. #..[...# #.#######.
#......#######......##.
######.#...........)###


You could see a gnoll.

Vanquished Creatures
  2 gnolls (D:2)
  A dart slug (D:1)
  3 leopard geckos
  A giant cockroach (D:1)
  4 goblins (D:1)
  2 hobgoblins
  2 kobolds
  2 bats (D:1)
  7 frilled lizards
  2 rats (D:2)
26 creatures vanquished.

Notes
Turn   | Place    | Note
-------+----------+-------------------------------------------
     0 | Abyss:1  | Gargoyl the Draconian Abyssal Knight began the quest for the Orb.
     0 | Abyss:1  | Reached XP level 1. HP: 19/19 MP: 2/2
    28 | Abyss:1  | Noticed a wight
    67 | Abyss:2  | Found a corrupted altar of Lugonu.
   104 | Abyss:2  | Noticed an ancient zyme
   119 | D:1      | Escaped the Abyss
   565 | D:1      | Reached * piety under Lugonu
   602 | D:1      | Reached XP level 2. HP: 26/27 MP: 3/3
  1111 | D:2      | Reached skill level 4 in Fighting
  1120 | D:2      | Reached XP level 3. HP: 8/33 MP: 4/4
  1720 | D:2      | HP: 1/33 [gnoll/flail (12)]
  1722 | D:2      | Mangled by a gnoll

Skill      XL: |  1  2 |
---------------+-------+-----
Fighting       | 4 |  4.1
Axes           | |  2.4
Dodging        | |  2.5
Shields        | |  0.2
Spellcasting   | |  0.8
Invocations    | |  2.0

Action                   || total
-------------------------++-------
Melee: Hand axe          ||    88
       Tailslap          ||     8
Invok: Depart the Abyss  ||     1
  Use: Scroll            ||     4
       Potion            ||     2
  Eat: Bread ration      ||     1
Armor: Skin              ||    21
Dodge: Dodged            ||    52
Block: Buckler           ||     9
